 Dungeon Crawl Stone Soup version 0.29.1-13-g9f3cf754e1 (webtiles) character file.

Game seed: 8627068406197875360

486 Priul the Grave Robber (level 6, -5/32 HPs)
             Began as a Deep Elf Necromancer on Feb 7, 2023.
             Slain by a gnoll
             ... wielding a +0 spear
             ... led by a gnoll bouda
              (6 damage)
             ... on level 6 of the Dungeon.
             The game lasted 00:22:12 (4376 turns).

Priul the Grave Robber (Deep Elf Necromancer)       Turns: 4376, Time: 00:22:13

Health: -5/32      AC:  4    Str:  5    XL:     6   Next: 89%
Magic:  17/18      EV: 12    Int: 22    God:
Gold:   177        SH:  0    Dex: 15    Spells: 4/19 levels left

rFire   + . .      SeeInvis .   A - +0 shortbow
rCold   . . .      Faith    .   (shield currently unavailable)
rNeg    . . .      Spirit   .   h - +1 robe {rF+}
rPois   .          Reflect  .   c - +0 helmet
rElec   .          Harm     .   (no cloak)
rCorr   +          Rampage  .   (no gloves)
Will    .....                   (no boots)
Stlth   ++........              x - amulet of magic regeneration
HPRegen 0.10/turn               q - ring of wizardry
MPRegen 0.56/turn               y - ring of resist corrosion

@: no status effects
A: no striking features
a: no special abilities


You were on level 6 of the Dungeon.
You visited 1 branch of the dungeon, and saw 6 of its levels.

You collected 177 gold pieces.

Inventory:

Hand Weapons
 f - a +4 whip
 A - a +0 shortbow (weapon)
Armour
 c - a +0 helmet (worn)
 h - a +1 robe of fire resistance (worn)
Jewellery
 o - a ring of fire
 q - a ring of wizardry (left hand)
 x - an amulet of magic regeneration (around neck)
 y - a ring of resist corrosion (right hand)
Wands
 w - a wand of light (5) (quivered)
Scrolls
 a - 2 scrolls of magic mapping {unknown}
 i - 2 scrolls of fear {unknown}
 j - 5 scrolls of identify {unknown}
 l - 2 scrolls of teleportation {unknown}
 m - 2 scrolls of immolation {unknown}
 n - a scroll of butterflies {unknown}
 r - 2 scrolls of amnesia {unknown}
 t - a scroll of noise {unknown}
 u - 2 scrolls of silence {unknown}
 v - 2 scrolls of enchant armour {unknown}
 z - a scroll of brand weapon {unknown}
Potions
 b - 2 potions of magic
 d - 3 potions of heal wounds {unknown}
 e - 3 potions of curing
 g - a potion of ambrosia {unknown}
 k - a potion of lignification {unknown}
 p - a potion of flight {unknown}
 s - a potion of degeneration {unknown}


   Skills:
 + Level 0.2 Maces & Flails
 + Level 2.6 Dodging
 + Level 3.2 Stealth
 + Level 7.2 Spellcasting
 + Level 7.4 Necromancy


You had 4 spell levels left.
You knew the following spells:

 Your Spells              Type           Power      Damage    Failure   Level
a - Necrotise             Necr           100%       1d9       1%          1
b - Vampiric Draining     Necr           40%        2d8       1%          3
c - Static Discharge      Conj/Air       8%         3-4/arc   4%          2
d - Dispel Undead         Necr           40%        3d16      1%          4
e - Agony                 Necr           40%        N/A       4%          5

Your spell library contained the following spells:

 Spells                   Type           Power      Damage    Failure   Level
 Animate Dead             Necr           40%        N/A       1%          4
 Call Canine Familiar     Summ           8%         N/A       10%         3
 Portal Projectile        Hex/Tloc       16%        N/A       10%         3
 Sticky Flame             Conj/Fire      8%         2d3       30%         4
 Leda's Liquefaction      Hex/Erth       4%         N/A       32%         4
 Lightning Bolt           Conj/Air       4%         1d15      61%         5
 Maxwell's Capacitive Co  Air            4%         ∞         100%        8


Dungeon Overview and Level Annotations

Branches:
Dungeon (7/15)
 Temple: D:4-7

Altars:
Gozag
Qazlal
Sif Muna
Vehumet
Xom
Yredelemnul


Message History

The gnoll attacks as you move away! The gnoll barely misses you.
Your adder skeleton bites the gnoll but does no damage.
The gnoll hits you from afar with a +0 spear.
The gnoll closely misses you. The gnoll misses you.
Casting: Static Discharge (safe; 4% risk of failure)
Confirm with . or Enter, or press ? or * to list all spells.
Really attack your adder skeleton?
The gnoll is struck by an arc of lightning.
The gnoll is moderately wounded.
The gnoll bouda is struck by an arc of lightning.
The gnoll bouda is moderately wounded.
The lightning grounds out.
The gnoll bouda is struck by an arc of lightning.
The gnoll bouda is heavily wounded.
The gnoll is struck by an arc of lightning.
The gnoll is heavily wounded.
The gnoll bouda is struck by an arc of lightning!
The gnoll bouda is almost dead.
The lightning grounds out.
Your adder skeleton bites the gnoll.
The gnoll hits you from afar with a +0 spear.
The gnoll bouda barks out a call to the hunt!
The gnolls pick up the pace!
The gnoll hits you from afar with a +0 halberd.
* * * LOW HITPOINT WARNING * * *
The gnoll barely misses you.
Okay, then.
Okay, then.
It was a potion of curing.
You feel better.
Your adder skeleton closely misses the gnoll.
The gnoll closely misses you. The gnoll hits you but does no damage.
The gnoll closely misses you.
The gnoll hits you from afar with a +0 spear.
* * * LOW HITPOINT WARNING * * *
The gnoll bouda calls upon its god to heal the gnoll.
The gnoll's wounds heal themselves!
The gnoll hits you from afar with a +0 vorpal spear.
* * * LOW HITPOINT WARNING * * *
x2 Your adder skeleton barely misses the gnoll.
The gnoll hits you from afar with a +0 spear.
You die...

#... ....#####
#.......# #.......#
#.#.....## .........
#.#..gg.# #.#..ggg#
#.#.Zg.@# #.#.....##
#........#
#........# #
####........#
#.#...........#
#.#.###.....!.####
#.#.##########...#
#..........###...###


You could see a gnoll bouda, 5 gnolls and a friendly adder skeleton.

Vanquished Creatures
  A water moccasin (D:7)
  A black bear (D:4)
  An orc priest (D:4)
  Natasha (thrice) (D:3)
  An orc wizard (D:4)
  2 gnolls (D:4)
  4 adders
  A worm (D:3)
  3 dart slugs (D:1)
  6 orcs
  5 bats
  6 endoplasms
  6 giant cockroaches
  5 goblins
  5 hobgoblins
  4 jackals (D:1)
  A quokka (D:3)
  3 ball pythons
  3 frilled lizards
  6 kobolds
  4 rats
71 creatures vanquished.

Vanquished Creatures (collateral kills)
  A gnoll (D:4)
  An orc (D:4)
  An endoplasm (D:1)
  A goblin (D:4)
  A rat (D:1)
5 creatures vanquished.

Vanquished Creatures (others)
  11 fungi (D:6)
11 creatures vanquished.

Grand Total: 87 creatures vanquished

Notes
Turn   | Place    | Note
-------+----------+-------------------------------------------
     0 | D:1      | Priul the Deep Elf Necromancer began the quest for the Orb.
     0 | D:1      | Reached XP level 1. HP: 10/10 MP: 6/6
    12 | D:1      | Noticed a black bear
    12 | D:1      | Noticed a salamander
    13 | D:1      | Noticed a six-headed hydra
   105 | D:1      | Reached skill level 5 in Necromancy
   253 | D:1      | Reached XP level 2. HP: 15/15 MP: 2/8
   570 | D:1      | Reached XP level 3. HP: 19/19 MP: 5/10
   677 | D:1      | Learned a level 3 spell: Vampiric Draining
  1425 | D:2      | Found a faded altar of an unknown god.
  1967 | D:3      | Noticed Natasha
  1980 | D:3      | Killed Natasha
  1981 | D:3      | Reached XP level 4. HP: 24/24 MP: 4/12
  2066 | D:3      | Found a stormy altar of Qazlal.
  2373 | D:3      | Noticed Natasha
  2394 | D:3      | Killed Natasha
  2395 | D:3      | Reached skill level 5 in Spellcasting
  2731 | D:3      | Noticed Natasha
  2742 | D:3      | Killed Natasha
  2743 | D:3      | Reached XP level 5. HP: 23/28 MP: 8/14
  3022 | D:4      | Learned a level 2 spell: Static Discharge
  3027 | D:4      | Learned a level 4 spell: Dispel Undead
  3065 | D:4      | Found a shimmering blue altar of Sif Muna.
  3080 | D:4      | Noticed a black bear
  3099 | D:4      | Learned a level 5 spell: Agony
  3107 | D:4      | Killed a black bear
  3108 | D:4      | Reached XP level 6. HP: 32/32 MP: 8/17
  3172 | D:4      | Found a shimmering altar of Xom.
  3247 | D:4      | Found a basalt altar of Yredelemnul.
  3250 | D:4      | Found an opulent altar of Gozag.
  3767 | D:4      | Found a radiant altar of Vehumet.
  3839 | D:4      | You fall into a shaft and drop 3 floors!
  3869 | D:7      | Noticed a water moccasin
  4037 | D:7      | Killed a water moccasin
  4375 | D:6      | HP: 1/32 [gnoll/+0 vorpal spear[a gnoll bouda] (1)]
  4376 | D:6      | Slain by a gnoll

Illustrated notes

Levels and vault maps discovered:
D:1:      onia_arrival_zoo_common, layout_loops_ring, minivault_23
D:2:      layout_loops_ring, basic_ecumenical_altar, palyth_stone_intersect
D:3:      layout_basic, old_standard_altar, uniq_natasha
D:4:      layout_gridville, nicolae_overflow_squiral,
          mainiacjoe_overflow_boulevard, mainiacjoe_overflow_catwalk_spiral,
          serial_rivers, chequers_serial_rivers_micro_a,
          chequers_serial_rivers_room_a, chequers_serial_rivers_micro_c,
          chequers_serial_rivers_large_b, corner_web_ring, reono_crystal_passage
D:6:      layout_basic, serial_aquarium, aquarium_bridge_long_joined
          [aquarium_subvault_balcony, aquarium_subvault_window,
          aquarium_subvault_bridge, aquarium_subvault_bridge,
          aquarium_subvault_wall, aquarium_subvault_wall], aquarium_window_fake,
          aquarium_window_fake, aquarium_window_fake, aquarium_view_2d,
          aquarium_balcony_3b
D:7:      layout_gridville, gammafunk_temple_overflow_elements,
          minmay_temple_entry_statues_pillars, uniq_joseph, uniq_maggie

Skill      XL: |  1  2  3  4  5  6 |
---------------+-------------------+-----
Necromancy     | 5 6 7 |  7.4
Spellcasting   | 4 5 6 7 |  7.2
Stealth        | 3 |  3.2
Maces & Flails | |  0.2
Dodging        | |  2.6

Action                   |  1- 3 |  4- 6 || total
-------------------------+-------+-------++-------
Melee: Whip              |     9 |       ||     9
 Cast: Necrotise         |    70 |    72 ||   142
       Vampiric Draining |       |     7 ||     7
       Static Discharge  |       |     2 ||     2
       Agony             |       |     1 ||     1
Evoke: Wand              |       |     1 ||     1
  Use: Potion            |       |     1 ||     1
Armor: Robe              |     9 |     3 ||    12
Dodge: Dodged            |    10 |    13 ||    23
